 Dungeon Crawl Stone Soup version 0.18-a0-1649-g8d9735b (webtiles) character file.

105 HungrySpirit the Cudgeler (level 4, -3/46 HPs)
             Began as an Ogre Arcane Marksman on Mar 29, 2016.
             Slain by a gnoll
             ... wielding a +0 halberd
              (8 damage)
             ... on level 2 of the Dungeon.
             The game lasted 00:05:17 (2970 turns).

HungrySpirit the Cudgeler (Ogre Arcane Marksman)    Turns: 2970, Time: 00:05:17

Health: -3/46      AC:  2    Str: 17    XL:     4   Next: 83%
Magic:  4/4        EV: 10    Int: 12    God:
Gold:   91         SH:  0    Dex:  9    Spells: 1 memorised, 4 levels left

rFire  . . .     SeeInvis .     q - +0 whip
rCold  + . .     Gourm    .     a - +0 robe
rNeg   . . .     Faith    .     (no shield)
rPois  .         Spirit   .     (helmet restricted)
rElec  .         Dismiss  .     (no cloak)
rCorr  .         Reflect  .     (gloves unavailable)
SustAt .         Harm     .     (boots unavailable)
MR     .....                    (no amulet)
Stlth  +.........               (no ring)
                                i - ring of protection from cold

@: not resistant to hostile enchantments, very unstealthy
A: unfitting armour, deformed body, low mp 2, robust 1, tough skin 1
a: no special abilities


You were on level 2 of the Dungeon.
You were hungry.

You visited 1 branch of the dungeon, and saw 3 of its levels.

You collected 91 gold pieces.

Inventory:

Hand Weapons
 q - a +0 whip (weapon)
Missiles
 d - 2 throwing nets (quivered)
Armour
 a - a +0 robe (worn)
Jewellery
 i - a ring of protection from cold (left hand)
Scrolls
 e - 6 scrolls of identify {unknown}
 j - 4 scrolls of teleportation {unknown}
 k - a scroll of enchant weapon {unknown}
 l - a scroll of amnesia {unknown}
 o - 5 scrolls of remove curse {unknown}
 s - a scroll of blinking {unknown}
 u - a scroll of noise {unknown}
Potions
 h - a potion of heal wounds
 t - a potion of flight {unknown}
 w - a potion of brilliance {unknown}
Books
 b - a book of Debilitation

   Spells                             Type                      Level
   a - Corona                         Hexes                        1
   b - Slow                           Hexes                        2
   c - Gell's Gravitas                Hexes/Translocation          3
   d - Inner Flame                    Hexes/Fire                   3
   e - Cause Fear                     Hexes                        4
   f - Leda's Liquefaction            Hexes/Earth                  4
Comestibles
 f - 2 bread rations
 g - 2 beef jerkies
 m - 4 fruits
 n - a slice of pizza
 r - a meat ration


   Skills:
 - Level 2.0 Fighting
 * Level 5.1 Maces & Flails
 - Level 2.3 Throwing
 - Level 1.7 Dodging
 - Level 1.2 Spellcasting
 - Level 2.1 Hexes


You had 4 spell levels left.
You knew the following spells:

 Your Spells              Type           Power        Failure   Level  Hunger
a - Corona                Hex            #......      14%         1    ##.....


Dungeon Overview and Level Annotations

Branches:
Dungeon (3/15)

Altars:
Trog


Innate Abilities, Weirdness & Mutations

You are too large for most types of armour.
You have tough skin (AC +1).
Armour fits poorly on your strangely shaped body.
Your magical capacity is very low (-20% MP).
You are robust (+10% HP).


Message History

Throwing (i - inventory. (,) - cycle):
c - a large rock (quivered)
Press: ? - help, Shift-Dir - straight line, f - gnoll
Aim: a gnoll, wielding a halberd (almost dead)
You throw a large rock. The large rock barely misses the gnoll.
The gnoll barely misses you. The gnoll hits you with a halberd.
* * * LOW HITPOINT WARNING * * *
You hit the gnoll but do no damage.
The gnoll is almost dead.
You hit the gnoll but do no damage.
The gnoll is almost dead.
The gnoll barely misses you.
You barely miss the gnoll.
The gnoll is almost dead.
The gnoll hits you but does no damage.
You closely miss the gnoll.
The gnoll is almost dead.
You barely miss the gnoll.
The gnoll is almost dead.
The gnoll hits you with a halberd!
You die...

######### ##...## #.# #.....
........# ##### ##.## #.....
#######.# #...# ####.# #.# #)..#
###.# #######.# #...# #....
......#.### #...#######.#.#
....#.#...#########........##.#..
....#.###..(.#..g..........##.#..
....#.# #...[...@...............#
....#># #....#.............##....
....#.# #.#.#######........####.#
......# #.#.# #...###### #.#
##.######.#.# #.#.# #.#
#.)....)...# ##...#### #..
#########.########.......# #.#
..........# #....<..###.# #.#
.########## #........##.# #..


You could see a gnoll.

Vanquished Creatures
  4 adders (D:2)
  An ooze (D:2)
  2 worms
  2 dart slugs
  3 orcs (D:3)
  2 bats
  3 giant cockroaches (D:1)
  11 goblins
  6 hobgoblins
  2 quokkas (D:2)
  A ball python (D:3)
  3 giant newts
  7 kobolds
  6 rats
53 creatures vanquished.

Notes
Turn   | Place    | Note
--------------------------------------------------------------
     0 | D:1      | HungrySpirit the Ogre Arcane Marksman began the quest for the Orb.
     0 | D:1      | Reached XP level 1. HP: 19/19 MP: 2/2
   410 | D:1      | Reached skill level 1 in Maces & Flails
   410 | D:1      | Reached XP level 2. HP: 28/28 MP: 3/3
   708 | D:1      | Reached skill level 2 in Maces & Flails
  1007 | D:2      | Reached XP level 3. HP: 32/35 MP: 4/4
  1098 | D:2      | Reached skill level 3 in Maces & Flails
  1749 | D:2      | Reached skill level 4 in Maces & Flails
  1749 | D:2      | Reached XP level 4. HP: 42/42 MP: 5/5
  1787 | D:2      | Found a bloodstained altar of Trog.
  2658 | D:2      | Gained mutation: Armour fits poorly on your strangely shaped body. [potion of mutation]
  2658 | D:2      | Gained mutation: Your magical capacity is low (-10% MP). [potion of mutation]
  2658 | D:2      | Gained mutation: Your muscles are strong. (Str +2) [potion of mutation]
  2832 | D:2      | Lost mutation: Your muscles are strong. (Str +2) [potion of mutation]
  2832 | D:2      | Gained mutation: You are robust (+10% HP). [potion of mutation]
  2832 | D:2      | Gained mutation: Your magical capacity is very low (-20% MP). [potion of mutation]
  2837 | D:2      | Reached skill level 5 in Maces & Flails
  2970 | D:2      | Slain by a gnoll

Vault maps used:
D:1:      dpeg_arrival_prison
D:2:      lightli_temple_of_fire, first_bread
D:3:      old_standard_altar

Skill      XL: |  1  2  3  4 |
---------------+-------------+-----
Maces & Flails | 1 2 4 5 |  5.1
Fighting       | 2 |  2.0
Throwing       | |  2.3
Dodging        | |  1.7
Spellcasting   | |  1.2
Hexes          | |  2.1

Action                   |  1- 3 |  4- 6 || total
-------------------------+-------+-------++-------
Melee: Club              |    38 |       ||    38
       Unarmed           |    14 |       ||    14
       Whip              |   109 |   109 ||   218
Throw: Large rock        |    12 |     6 ||    18
  Use: Potion            |       |     4 ||     4
 Stab: Sleeping          |     1 |       ||     1
  Eat: Chunk             |     3 |     3 ||     6
